 Dungeon Crawl Stone Soup version 0.29-a0-1039-gfc20370e89 (webtiles) character file.

Game seed: 15155171634668379899

135 BritishOli the Trooper (level 4, 0/37 HPs)
             Began as a Demonspawn Fighter on Aug 15, 2022.
             Slain by a gnoll
             ... wielding a +0 halberd
              (7 damage)
             ... on level 2 of the Dungeon.
             The game lasted 00:02:14 (2211 turns).

BritishOli the Trooper (Demonspawn Fighter)         Turns: 2211, Time: 00:02:15

Health: 0/37       AC:  8    Str: 18    XL:     4   Next: 97%
Magic:  4/4        EV:  9    Int:  9    God:
Gold:   104        SH:  5    Dex: 13    Spells: 3/3 levels left

rFire   . . .      SeeInvis .   a - +0 long sword
rCold   . . .      Faith    .   c - +0 buckler
rNeg    . . .      Spirit   .   b - +0 scale mail
rPois   .          Reflect  .   (helmet restricted)
rElec   .          Harm     .   (no cloak)
rCorr   .          Rampage  .   (no gloves)
Will    .....                   n - +0 pair of boots
Stlth   ..........              (no amulet)
HPRegen 0.12/turn               (no ring)
MPRegen 0.09/turn               (no ring)

@: no status effects
A: antennae 1, spiny 1
a: no special abilities


You were on level 2 of the Dungeon.
You visited 1 branch of the dungeon, and saw 2 of its levels.

You collected 104 gold pieces.

Inventory:

Hand Weapons
 a - a +0 long sword (weapon)
Armour
 b - a +0 scale mail (worn)
 c - a +0 buckler (worn)
 n - a +0 pair of boots (worn)
 o - the +1 leather armour "Zutseta" {Rampage +Inv rC++ Slay-3}
   (You found it on level 2 of the Dungeon)

   Slay:      It affects your accuracy & damage with ranged weapons and melee
   (-3).
   rC:        It greatly protects you from cold.
   +Inv:      It lets you turn invisible.
   Rampage:   It bestows one free step when moving towards enemies.
Scrolls
 e - 3 scrolls of vulnerability {unknown}
 i - a scroll of enchant weapon {unknown}
 j - a scroll of immolation {unknown}
 k - a scroll of identify {unknown}
 m - a scroll of blinking {unknown}
 p - a scroll of summoning {unknown}
Potions
 d - a potion of might
 f - a potion of heal wounds {unknown}
 g - a potion of cancellation {unknown}
 h - a potion of curing {unknown}
 l - a potion of brilliance {unknown}


   Skills:
 + Level 3.8 Fighting
 + Level 2.7 Long Blades
 + Level 3.5 Armour
 + Level 3.4 Shields


You had 3 spell levels left.
You didn't know any spells.
Your spell library was empty.

Dungeon Overview and Level Annotations

Branches:
Dungeon (2/15)

Altars:


Innate Abilities, Weirdness & Mutations

You have a pair of small antennae on your head.
You are partially covered in sharp spines.


Message History

The bat is struck by your spines. The bat completely misses you.
You closely miss the bat.
The bat is moderately wounded.
You block the bat's attack. The bat hits you but does no damage.
A bat comes into view.
You closely miss the bat.
The bat is moderately wounded.
The bat is struck by your spines.
You kill the bat!
The quokka barely misses you.
You barely miss the quokka. You block the quokka's attack.
You closely miss the quokka.
The quokka bites you but does no damage. x2
You closely miss the quokka.
The quokka bites you but does no damage.
You hit the quokka.
You kill the quokka!
You closely miss the quokka. The quokka bites you.
The gnoll hits you from afar with a +0 halberd.
* * * LOW HITPOINT WARNING * * *
The quokka barely misses you.
You miss the quokka. The gnoll barely misses you.
The quokka bites you but does no damage.
You closely miss the quokka. The quokka bites you.
* * * LOW HITPOINT WARNING * * *
You block the gnoll's attack. The quokka is struck by your spines.
The quokka bites you but does no damage.
The gnoll hits you from afar with a +0 halberd.
* * * LOW HITPOINT WARNING * * *
You hit the quokka.
The quokka is severely wounded.
The quokka is struck by your spines.
You kill the quokka!
You block the gnoll's attack.
You hit the goblin.
You kill the goblin!
You block the bat's attack. The gnoll hits you but does no damage.
The bat hits you but does no damage. The gnoll is struck by your spines.
The gnoll hits you with a +0 halberd!
You die...

##. #.#.# .$
.###...#...#
.##...........#
......#....#.##
#.....##.#.#.######
#..................
#... ..####...#####
#gb# . ##..#####
#@# #.†..... #.#
#..##### #.## #.##
####..####.. ..#
#.............##
#.##..####)#..
#.##..# ...
#.##..### .
#.......# .#


You could see a gnoll and a bat.

Vanquished Creatures
  9 gnolls
  2 worms (D:2)
  A dart slug (D:1)
  A ball python (D:2)
  4 bats
  4 endoplasms
  3 giant cockroaches
  4 goblins
  5 hobgoblins (D:1)
  2 jackals (D:1)
  3 quokkas
  2 frilled lizards
  A kobold (D:1)
  4 rats
45 creatures vanquished.

Notes
Turn   | Place    | Note
-------+----------+-------------------------------------------
     0 | D:1      | BritishOli the Demonspawn Fighter began the quest for the
                  | Orb.
     0 | D:1      | Reached XP level 1. HP: 18/18 MP: 1/1
   141 | D:1      | Gained mutation: You have a pair of small antennae on your
                  | head. [demonic ancestry]
   141 | D:1      | Reached XP level 2. HP: 24/24 MP: 2/2
  1042 | D:2      | Gained mutation: You are partially covered in sharp spines.
                  | [demonic ancestry]
  1042 | D:2      | Reached XP level 3. HP: 20/29 MP: 3/3
  1046 | D:2      | HP: 1/29 [gnoll/+0 spear (7)]
  1375 | D:1      | Reached XP level 4. HP: 18/35 MP: 4/4
  1623 | D:2      | Found a faded altar of an unknown god.
  2117 | D:2      | Identified the +1 leather armour "Zutseta" {Rampage +Inv
                  | rC++ Slay-3}
  2211 | D:2      | Slain by a gnoll

Illustrated notes

Levels and vault maps discovered:
D:1:      amcnicky_arrival_blooded_trapdoor, layout_rooms,
          minmay_misc_feat_secret_circle, dreamdust_princess_bridge
D:2:      layout_loops_ring, nicolae_ecumenical_pavilion, basic_altar,
          ebering_dispersal_statue_hall, chequers_serial_rivers_micro_c,
          minmay_close_crescents

Skill      XL: |  1  2 |
---------------+-------+-----
Long Blades    | 2 |  2.7
Armour         | 3 |  3.5
Shields        | 3 |  3.4
Fighting       | |  3.8

Action                   |  1- 3 |  4- 6 || total
-------------------------+-------+-------++-------
Melee: Long sword        |    96 |    42 ||   138
  Use: Potion            |       |     1 ||     1
Armor: Scale mail        |    49 |    19 ||    68
Dodge: Dodged            |    47 |    11 ||    58
Block: Buckler           |    43 |     8 ||    51

Table legend: (Time is in decaauts)
 A = Elapsed time spent in this place.
 B = Non-inter-level travel time spent in this place.
 C = Inter-level travel time spent in this place.
 D = Time resting spent in this place.
 E = Time spent auto-exploring this place.
 F = Levels seen in this place.
 G = Mean time per level.
                   A        B        C        D        E       F      G
               +--------+--------+--------+--------+--------+-----+--------+
         Total |   2260 |   2227 |     33 |    534 |   1322 |   2 | 1130.0 |
       Dungeon |   2260 |   2227 |     33 |    534 |   1322 |   2 | 1130.0 |
               +--------+--------+--------+--------+--------+-----+--------+

Top non-repeatable levels by time:
     D:1: 1428 daAuts
     D:2: 831 daAuts
